 Dungeon Crawl Stone Soup version 0.27.0-1-g7a089689b8 (webtiles) character file.

Game seed: 17445648293053127512

42 thirtiethelement the Skirmisher (level 3, -2/30 HPs)
             Began as a Demonspawn Abyssal Knight on Aug 9, 2021.
             Was a Follower of Lugonu.
             Slain by a flying skull (6 damage)
             ... on level 2 of the Abyss.
             The game lasted 00:02:24 (289 turns).

thirtiethelement the Skirmisher (DsAK)               Turns: 289, Time: 00:02:25

Health: -2/30      AC:  3    Str: 13      XL:     3   Next: 35%
Magic:  4/4        EV: 11    Int: 13      God:    Lugonu [*.....]
Gold:   14         SH:  0    Dex: 11 (12) Spells: 2/2 levels left

rFire    . . .     SeeInvis .   a - +1 falchion
rCold    . . .     Faith    .   (no shield)
rNeg     . . .     Spirit   .   b - +0 leather armour
rPois    .         Reflect  .   (helmet restricted)
rElec    .         Harm     .   (no cloak)
rCorr    .         Rampage  .   (no gloves)
Will     .....                  (no boots)
Stlth    +.........             (no amulet)
HPRegen  0.10/turn              (no ring)
MPRegen  0.09/turn              (no ring)

@: no status effects
A: antennae 1
a: Renounce Religion, Depart the Abyss


You were on level 2 of the Abyss.
You worshipped Lugonu.
Lugonu was aware of your devotion.
You visited 0 branches of the dungeon, and saw 0 of its levels.
You visited the Abyss 1 time.

You collected 14 gold pieces.

Inventory:

Hand Weapons
 a - a +1 falchion (weapon)
Armour
 b - a +0 leather armour (worn)


   Skills:
 + Level 3.7 Fighting
 + Level 1.8 Long Blades
 + Level 2.6 Armour
 + Level 0.8 Dodging
 + Level 2.5 Invocations


You had 2 spell levels left.
You didn't know any spells.
Your spell library was empty.

Dungeon Overview and Level Annotations

Branches:
Dungeon (0/15)

Altars:


Innate Abilities, Weirdness & Mutations

You have a pair of small antennae on your head.


Message History

The quasit is engulfed in blazing flames.
Flame seeps out of the quasit.
The quasit closely misses you. x2
The quasit claws you but does no damage.
The quasit is engulfed in blazing flames.
The quasit explodes!
The tree burns like a torch!
You hear an angry hiss.
You hear a shout! x2
You feel your dexterity returning.
You have reached level 3!
Your experience leads to an increase in your attributes!
Your base attributes are Str 12, Int 13, Dex 12.
Increase (S)trength, (I)ntelligence, or (D)exterity?
You feel stronger.
The substance of the Abyss twists violently, and a gateway leading out appears!
There is a gateway leading out of the Abyss here.
You start resting.
You sense a monster nearby.
You start resting.
An ufetubus comes into view.
You are suddenly pulled into a different region of the Abyss!
A rakshasa comes into view.
It is wielding a +0 long sword and wearing a +0 robe of willpower.
Found a chain mail.
The rakshasa blinks!
An ice devil comes into view.
Found a buckler.
A flying skull comes into view.
A flying skull comes into view.
The flying skull gives a hideous shriek!
The flying skull hits you.
* * * LOW HITPOINT WARNING * * *
2 flying skulls come into view.
The flying skull gives a hideous shriek! x2
A flying skull comes into view.
A large abomination comes into view.
Found a shadowy altar of Dithmenos.
A white imp comes into view.
The white imp shouts, "Leave, thou fulsome dread-bolted socdollager!"
A flying skull comes into view.
The flying skull hits you.
You die...

.# #. .##.#.#.. .. #..
#..# #..# # #5#
##.###..###..##...
...###...####.z.....#.##
...#..X..##z#####..#.#
..........z..z..#.#z.#
.#....z##....## # #
##.zz##.#.##z.# ##@## .
#.. .z. #...### ... #.
#.....# #.#.. ........#
.# . ..#.._..#..
...###...##.#. #.# ##.##
. . .. ### #


You could see a large abomination, 6 flying skulls and a white imp.

Vanquished Creatures
  A quasit (Abyss:2)
  A shadow imp (Abyss:1)
  An ufetubus (Abyss:1)
3 creatures vanquished.

Notes
Turn   | Place    | Note
-------+----------+-------------------------------------------
     0 | Abyss:1  | thirtiethelement the Demonspawn Abyssal Knight began the
                  | quest for the Orb.
     0 | Abyss:1  | Reached XP level 1. HP: 18/18 MP: 2/2
    52 | Abyss:1  | Gained mutation: You have a pair of small antennae on your
                  | head. [demonic ancestry]
    52 | Abyss:1  | Reached XP level 2. HP: 10/24 MP: 3/3
    62 | Abyss:1  | Noticed a ynoxinul
    80 | Abyss:1  | HP: 1/24 [ufetubus[a ynoxinul] (4)]
    81 | Abyss:2  | Found a corrupted altar of Lugonu.
   123 | Abyss:2  | Noticed an ancient zyme
   228 | Abyss:2  | HP: 1/24 [quasit (1)]
   233 | Abyss:2  | Reached XP level 3. HP: 2/30 MP: 4/4
   244 | Abyss:2  | Noticed a rakshasa
   277 | Abyss:2  | Noticed an ice devil
   279 | Abyss:2  | Noticed a flying skull
   280 | Abyss:2  | Noticed a flying skull
   284 | Abyss:2  | Noticed a flying skull
   284 | Abyss:2  | Noticed a flying skull
   284 | Abyss:2  | Noticed a flying skull
   286 | Abyss:2  | Noticed a large abomination
   288 | Abyss:2  | Found a shadowy altar of Dithmenos.
   289 | Abyss:2  | Noticed a flying skull
   289 | Abyss:2  | Slain by a flying skull

Illustrated notes

Levels and vault maps discovered:
Abyss:2:  base: Temple, gammafunk_corrupted_shrine,
          guppyfry_abyss_exit_spiral_guarded

Skill      XL: |  1 |
---------------+----+-----
Armour         | 2 |  2.6
Fighting       | |  3.7
Long Blades    | |  1.8
Dodging        | |  0.8
Invocations    | |  2.5

Action                   || total
-------------------------++-------
Melee: Falchion          ||    18
  Use: Scroll            ||     3
Armor: Leather armour    ||    22
Dodge: Dodged            ||    47
       Rpst.: Falchion   ||     8
